 Dungeon Crawl Stone Soup version 0.30.1-4-g462c640d31 (webtiles) character file.

Game seed: 4244740872699143100

368 CaptainMV the Conjurer (level 6, 0/44 HPs)
             Began as a Demonspawn Wanderer on Aug 16, 2023.
             Slain by an orc priest
             ... wielding a +0 flail
              (9 damage)
             ... on level 4 of the Dungeon.
             The game lasted 00:21:51 (2373 turns).

CaptainMV the Conjurer (Demonspawn Wanderer)        Turns: 2373, Time: 00:21:52

Health: 0/44       AC:  3    Str: 11    XL:     6   Next: 41%
Magic:  0/9        EV: 12    Int: 14    God:
Gold:   109        SH:  0    Dex: 15    Spells: 5/9 levels left

rFire   . . .        a - +2 dagger (drain)
rCold   . . .        (no shield)
rNeg    . . .        c - +0 robe
rPois   .            (no helmet)
rElec   .            j - scarf {+Inv}
rCorr   .            (no gloves)
SInv    .            (no boots)
Will    .....        (no amulet)
Stlth   ++           (no ring)
HPRegen 0.27/turn    (no ring)
MPRegen 0.11/turn

%: no passive effects
@: no status effects
A: hooves 1, foul stench 3, sharp scales 1
a: Evoke Invisibility


You were on level 4 of the Dungeon.
You visited 1 branch of the dungeon, and saw 4 of its levels.

You collected 109 gold pieces.

Inventory:

Hand Weapons
 a - a +2 dagger of draining (weapon)
 h - a +0 dagger
Armour
 c - a +0 robe (worn)
 j - a scarf of invisibility (worn)
Scrolls
 l - a scroll of enchant weapon
 m - a scroll of magic mapping
Potions
 b - a potion of heal wounds
 d - a potion of resistance {unknown}
 e - 2 potions of curing
 f - 2 potions of mutation {unknown}
 g - a potion of magic {unknown}
 i - a potion of brilliance {unknown}
 k - a potion of flight {unknown}


   Skills:
 + Level 1.8 Fighting
 + Level 2.2 Short Blades
 + Level 1.0 Armour
 + Level 2.1 Dodging
 + Level 2.5 Stealth
 + Level 2.0 Spellcasting
 + Level 4.4 Conjurations
 + Level 0.3 Hexes
 + Level 2.1 Summonings
 + Level 1.4 Air Magic


You had 5 spell levels left.
You knew the following spells:

 Your Spells              Type           Power      Damage    Failure   Level
a - Shock                 Conj/Air       36%        1d5       7%          1
b - Dazzling Flash        Conj/Hex       16%        N/A       26%         3

Your spell library contained the following spells:

 Spells                   Type           Power      Damage    Failure   Level
 Summon Small Mammal      Summ           28%        N/A       10%         1
 Call Canine Familiar     Summ           7%         N/A       30%         3
 Fulminant Prism          Conj/Hex       4%         3d5       65%         4


Dungeon Overview and Level Annotations

Branches:
Dungeon (4/15)
 Temple: D:4-7

Altars:
Yredelemnul


Innate Abilities, Weirdness & Mutations

You have large cloven feet.
You frequently emit foul miasma when damaged in melee.
You are partially covered in razor-sharp scales. (AC +1, Slay +1)


Message History

Your Spellcasting skill increases to level 2!
You closely miss the orc wizard.
The orc wizard is moderately wounded.
You hit the orc wizard but do no damage.
Your kick misses the orc wizard.
The orc wizard is moderately wounded.
The orc wizard hits you with a +0 dagger.
You emit a cloud of foul miasma!
Casting: Dazzling Flash (quite dangerous; 26% risk of failure)
Confirm with . or Enter, or press ? or * to list all spells.
You don't have enough magic to cast this spell.
Casting: Dazzling Flash (quite dangerous; 26% risk of failure)
Confirm with . or Enter, or press ? or * to list all spells.
Aiming: Shock (safe; 7% risk of failure)
Press: ? - help, Shift-Dir - straight line, f - orc priest
Aim: an orc priest, wielding a +0 flail and wearing a +0 chain mail (lightly wounded, 77% to hit)
The zap misses the orc priest.
The orc priest completely misses you.
The orc wizard is engulfed in dark miasma.
The orc wizard is poisoned.
You kill the orc wizard!
You barely miss the orc priest. Your kick misses the orc priest.
The orc priest is lightly wounded.
The orc priest hits you with a +0 flail.
You hit the orc priest. You drain the orc priest.
The orc priest is moderately wounded.
The orc priest hits you with a +0 flail.
You hit the orc priest. You drain the orc priest.
You kick the orc priest, but do no damage.
The orc priest is heavily wounded.
The orc priest completely misses you.
You hit the orc priest but do no damage.
You drain the orc priest.
You kick the orc priest, but do no damage.
The orc priest is severely wounded.
The orc priest mumbles some strange prayers to Beogh against you.
Pain shoots through your body!
* * * LOW HITPOINT WARNING * * *
Your magical contamination has completely faded away.
The orc priest hits you with a +0 flail!
You die...

#######..##
##...##'###
#.........#
#.........#
#....##..##
#....##..##
..##...)##...#
.......o.....#
.......@○....#
..###...######
#...# ......
.......
#.###...# #.
#...# . .....


You could see an orc priest (very drained).

Vanquished Creatures
  A black bear (D:4)
  A howler monkey (D:4)
  A hound (D:3)
  An orc priest (D:4)
  An iguana (D:4)
  An orc wizard (D:4)
  Robin (D:2)
  6 adders
  An orc (D:3)
  6 endoplasms
  2 giant cockroaches
  9 goblins
  6 hobgoblins
  7 kobolds
  2 quokkas (D:1)
  5 ball pythons
  9 bats
  3 frilled lizards (D:1)
  4 rats (D:1)
67 creatures vanquished.

Notes
Turn   | Place    | Note
-------+----------+-------------------------------------------
     0 | D:1      | CaptainMV the Demonspawn Wanderer began the quest for the
                  | Orb.
     0 | D:1      | CaptainMV set off with the following items: a +0 dagger, a
                  | potion of heal wounds, a +0 robe, a +0 pair of boots; and
                  | the following spells available to memorise: Summon Small
                  | Mammal, Shock, Call Canine Familiar, Dazzling Flash,
                  | Fulminant Prism.
     0 | D:1      | Reached XP level 1. HP: 15/15 MP: 2/2
     2 | D:1      | Learned a level 1 spell: Shock
   125 | D:1      | Gained mutation: You are partially covered in razor-sharp
                  | scales. (AC +1, Slay +1) [demonic ancestry]
   125 | D:1      | Reached XP level 2. HP: 4/21 MP: 0/3
   829 | D:1      | Gained mutation: You may rarely emit foul miasma when
                  | damaged in melee. [demonic ancestry]
   829 | D:1      | Reached XP level 3. HP: 25/26 MP: 1/4
   949 | D:2      | Noticed Robin
   956 | D:2      | Reached skill level 4 in Conjurations
   963 | D:2      | Killed Robin
  1098 | D:2      | Gained mutation: You have large cloven feet. [demonic
                  | ancestry]
  1098 | D:2      | Reached XP level 4. HP: 27/32 MP: 0/6
  1137 | D:2      | Reached skill level 1 in Air Magic
  1845 | D:3      | Identified the +5 ring mail of Sloth {SInv}
  1863 | D:3      | Reached skill level 1 in Short Blades
  1863 | D:3      | Gained mutation: You sometimes emit foul miasma when
                  | damaged in melee. [demonic ancestry]
  1863 | D:3      | Reached XP level 5. HP: 14/37 MP: 1/7
  2129 | D:4      | Learned a level 3 spell: Dazzling Flash
  2138 | D:4      | Found a basalt altar of Yredelemnul.
  2183 | D:4      | Noticed a black bear
  2200 | D:4      | Killed a black bear
  2201 | D:4      | Gained mutation: You frequently emit foul miasma when
                  | damaged in melee. [demonic ancestry]
  2201 | D:4      | Reached XP level 6. HP: 29/43 MP: 0/8
  2373 | D:4      | Slain by an orc priest

Illustrated notes

Levels and vault maps discovered:
D:1:      saegor_arrival_miasma, layout_basic
D:2:      layout_basic, uniq_robin
D:3:      layout_loops_ring
D:4:      layout_gridville, mainiacjoe_overflow_paths, temple_hall,
          serial_shops, shop

Skill      XL: |  1  2  3  4  5  6 |
---------------+-------------------+-----
Conjurations   | 4 |  4.4
Air Magic      | 1 |  1.4
Short Blades   | 1 2 |  2.2
Dodging        | 2 |  2.1
Stealth        | 2 |  2.5
Spellcasting   | 2 |  2.0
Fighting       | |  1.8
Armour         | |  1.0
Hexes          | |  0.3
Summonings     | |  2.1

Action                     |  1- 3 |  4- 6 || total
---------------------------+-------+-------++-------
  Melee: Dagger            |   125 |    68 ||   193
         Kick              |       |    11 ||    11
   Cast: Shock             |    29 |    23 ||    52
         Dazzling Flash    |       |     2 ||     2
    Use: Scroll            |     1 |     6 ||     7
   Stab: Sleeping          |     1 |     7 ||     8
 Armour: Robe              |    52 |     9 ||    61
  Dodge: Dodged            |    99 |    41 ||   140
